 Dungeon Crawl Stone Soup version 0.30.0-10-gfe55d96785 (webtiles) character file.

Game seed: 11584150787129499612

660 McKennaii the Conjurer (level 7, -2/50 HPs)
             Began as a Demigod Conjurer on May 15, 2023.
             Slain by a gnoll
             ... wielding a +0 halberd
              (11 damage)
             ... on level 4 of the Dungeon.
             The game lasted 00:03:27 (4116 turns).

McKennaii the Conjurer (Demigod Conjurer)           Turns: 4116, Time: 00:03:28

Health: -2/50      AC:  3    Str:  8    XL:     7   Next: 8%
Magic:  8/17       EV: 12    Int: 28    God:
Gold:   268        SH:  0    Dex: 12    Spells: 9/16 levels left

rFire   . . .        (no weapon)
rCold   + . .        (no shield)
rNeg    . . .        a - +0 robe
rPois   .            (no helmet)
rElec   .            i - +0 cloak
rCorr   .            (no gloves)
SInv    .            (no boots)
Will    .....        r - amulet of magic regeneration
Stlth   ++           t - ring of protection from cold
HPRegen 0.28/turn    (no ring)
MPRegen 0.55/turn

%: no passive effects
@: no status effects
A: high MP 1, forlorn, divine attributes
a: no special abilities


You were on level 4 of the Dungeon.
You visited 1 branch of the dungeon, and saw 4 of its levels.

You collected 268 gold pieces.

Inventory:

Armour
 a - a +0 robe (worn)
 i - a +0 cloak (worn)
Jewellery
 o - a ring of ice
 r - an amulet of magic regeneration (around neck)
 t - a ring of protection from cold (left hand)
Scrolls
 c - 2 scrolls of immolation {unknown}
 d - a scroll of brand weapon {unknown}
 e - 2 scrolls of blinking {unknown}
 f - a scroll of vulnerability {unknown}
 h - 3 scrolls of fear {unknown}
 j - 2 scrolls of acquirement {unknown}
 l - 4 scrolls of identify {unknown}
 p - a scroll of amnesia {unknown}
 q - a scroll of enchant armour {unknown}
Potions
 b - 2 potions of magic
 g - 2 potions of curing {unknown}
 k - 4 potions of mutation {unknown}
 m - a potion of flight {unknown}
 n - a potion of heal wounds {unknown}
 s - 2 potions of attraction {unknown}
 v - a potion of lignification {unknown}


   Skills:
 - Level 1.7 Dodging
 - Level 1.7 Stealth
 + Level 5.0 Spellcasting
 + Level 6.3 Conjurations


You had 9 spell levels left.
You knew the following spells:

 Your Spells              Type           Power      Damage    Failure   Level
a - Magic Dart            Conj           100%       1d8       1%          1
b - Searing Ray           Conj           84%        2d7       1%          2
c - Iskenderun's Mystic   Conj/Tloc      24%        2d7       19%         4

Your spell library contained the following spells:

 Spells                   Type           Power      Damage    Failure   Level
 Dazzling Flash           Conj/Hex       48%        N/A       5%          3
 Sting                    Tmut/Pois      28%        1d4       7%          1
 Poisonous Vapours        Pois/Air       14%        N/A       10%         2
 Fulminant Prism          Conj/Hex       12%        3d8       19%         4
 Olgreb's Toxic Radiance  Pois           7%         N/A       54%         4


Dungeon Overview and Level Annotations

Branches:
Dungeon (4/15)             Temple (0/1) D:4


Innate Abilities, Weirdness & Mutations

You have an increased reservoir of magic. (+10% MP)
You shall have no god before yourself.
Your divine heritage dramatically boosts your attributes as you level up.


Message History

Duvessa hits you with a +2 short sword of speed.
Duvessa misses you.
Duvessa hits you with a +2 short sword of speed!
Unknown command.
Casting: Searing Ray (safe; 1% risk of failure)
Confirm with . or Enter, or press ? or * to list all spells.
The spell is quite dangerous to miscast (19% risk of failure)!
Continue anyway?
You erupt in a blast of force!
The mystic blast hits Duvessa!
Duvessa is severely wounded.
Duvessa is knocked back by the mystic blast.
You hear an angry hiss.
A gnoll comes into view. It is wielding a +0 halberd.
Unknown command.
Casting: Iskenderun's Mystic Blast (quite dangerous; 19% risk of failure)
Confirm with . or Enter, or press ? or * to list all spells.
Aiming: Searing Ray (safe; 1% risk of failure)
Press: ? - help, Shift-Dir - straight line, f - gnoll, p - Duvessa
Aim: a gnoll, wielding a +0 halberd and wearing a +0 robe (84% to hit)
The searing ray hits Duvessa.
Duvessa is severely wounded.
The searing ray hits the gnoll.
The gnoll is moderately wounded. (Press . to maintain the ray.) Duvessa completely misses you.
Unknown command.
The searing ray hits Duvessa!
Duvessa is almost dead.
The searing ray hits the gnoll.
The gnoll is severely wounded.
Duvessa closely misses you.
Duvessa hits you with a +2 short sword of speed!
* * * LOW HITPOINT WARNING * * *
The gnoll closely misses you.
The searing ray hits Duvessa!
You kill Duvessa!
The searing ray hits the gnoll.
The gnoll is almost dead.
A goblin comes into view. It is wielding a +0 dagger.
The gnoll hits you from afar with a +0 halberd!
You die...

#.###'###...........####........
#............####...#####.....<.
#######..##.## #e......##.......
##.###.####.#.#.#..#.#..###
#..##..##...#.#.#......####
#.###.##..###S.............
###.###.#..##...###......###.
#........g###.#.# #......###[
#....##...g)@...####...[)....
#....##.####.........)...<.##
######### #.....##........#
#.....##......[.#
########.....)..# #........#
#>.......# #........# #........#


You could see a gnoll, a goblin and a ball python.

Vanquished Creatures
  Grinder (D:4)
  Duvessa (D:4)
  Pargi (D:4)
  Dowan (D:4)
  An orc priest (D:3)
  An iguana (D:4)
  An orc wizard (D:3)
  7 adders
  8 gnolls
  2 worms
  2 dart slugs
  6 orcs
  4 endoplasms
  9 goblins
  7 hobgoblins
  8 jackals
  6 quokkas
  8 ball pythons
  6 bats
  A frilled lizard (D:2)
  12 kobolds
  4 rats
97 creatures vanquished.

Notes
Turn   | Place    | Note
-------+----------+-------------------------------------------
     0 | D:1      | McKennaii the Demigod Conjurer began the quest for the Orb.
     0 | D:1      | Reached XP level 1. HP: 14/14 MP: 5/5
   441 | D:1      | Reached XP level 2. HP: 20/20 MP: 5/7
   536 | D:1      | Reached skill level 4 in Conjurations
  1119 | D:1      | Learned a level 2 spell: Searing Ray
  1180 | D:2      | Reached XP level 3. HP: 26/26 MP: 6/9
  1875 | D:2      | Reached XP level 4. HP: 15/33 MP: 0/11
  2482 | D:3      | Learned a level 4 spell: Iskenderun's Mystic Blast
  3113 | D:3      | Reached skill level 5 in Conjurations
  3113 | D:3      | Reached XP level 5. HP: 38/38 MP: 5/13
  3619 | D:4      | Noticed Grinder
  3632 | D:4      | Killed Grinder
  3633 | D:4      | Reached XP level 6. HP: 25/45 MP: 8/15
  3682 | D:4      | Noticed Duvessa
  3684 | D:4      | Noticed Dowan
  3723 | D:4      | Killed Dowan
  3895 | D:4      | Reached skill level 6 in Conjurations
  3970 | D:4      | Noticed Pargi
  3977 | D:4      | Killed Pargi
  3978 | D:4      | Reached skill level 5 in Spellcasting
  3978 | D:4      | Reached XP level 7. HP: 40/50 MP: 11/17
  4024 | D:4      | Found a staircase to the Ecumenical Temple.
  4116 | D:4      | Killed Duvessa
  4116 | D:4      | Slain by a gnoll

Illustrated notes

Levels and vault maps discovered:
D:1:      minmay_arrival_four_loops, layout_basic, hangedman_decor_riveting
D:2:      layout_loops_ring, basic_altar
D:3:      layout_basic
D:4:      layout_rooms, minmay_temple_entry_hall, uniq_pargi, uniq_grinder,
          uniq_duvessa

Skill      XL: |  1  2  3  4  5  6 |
---------------+-------------------+-----
Spellcasting   | 2 3 4 5 |  5.0
Conjurations   | 4 5 6 |  6.3
Dodging        | |  1.7
Stealth        | |  1.7

Action                     |  1- 3 |  4- 6 |  7- 9 || total
---------------------------+-------+-------+-------++-------
  Melee: Unarmed           |    13 |       |       ||    13
   Cast: Magic Dart        |    98 |    91 |       ||   189
         Searing Ray       |       |    13 |     2 ||    15
         Iskenderun's Myst |       |       |     1 ||     1
 Armour: Robe              |     9 |     4 |       ||    13
  Dodge: Dodged            |    33 |     8 |     6 ||    47
